 Dungeon Crawl Stone Soup version 0.28-a0-233-gb8ca4b6547 (webtiles) character file.

Game seed: 16036710156945645205

24 freelancePsychic the Magician (level 3, -1/27 HPs)
             Began as a Djinni Summoner on Aug 22, 2021.
             Killed from afar by a white imp (16 damage)
             ... with a puff of frost
             ... summoned by the player character
             ... on level 2 of the Dungeon.
             The game lasted 00:03:20 (2543 turns).

freelancePsychic the Magician (Djinni Summoner)     Turns: 2543, Time: 00:03:20

Health: -1/27      AC:  2    Str:  7    XL:     3   Next: 15%
Gold:   10         EV: 12    Int: 17    God:
                   SH:  0    Dex: 13

rFire   + + .      SeeInvis .   b - +0 dagger
rCold   x . .      Faith    .   (no shield)
rNeg    . . .      Spirit   .   h - +0 robe
rPois   ∞          Reflect  .   (no helmet)
rElec   .          Harm     .   (no cloak)
rCorr   .          Rampage  .   (no gloves)
Will    .....                   (boots unavailable)
Stlth   ++........              (no amulet)
HPRegen 0.09/turn               (no ring)
MPRegen 0.00/turn               (no ring)

@: flying
A: sickness immunity, fire resistance 2, cold vulnerability 1, float, innate
caster, hp casting, extra vitality 1
a: no special abilities


You were on level 2 of the Dungeon.
You visited 1 branch of the dungeon, and saw 2 of its levels.

You collected 10 gold pieces.

Inventory:

Hand Weapons
 a - a +3 hunting sling
 b - a +0 dagger (weapon)
Missiles
 e - a throwing net
 i - a stone
Armour
 h - a +0 robe (worn)
Wands
 j - a wand of polymorph (13)
Scrolls
 c - a scroll of fog {unknown}
 g - a scroll of identify {unknown}
Potions
 d - a potion of attraction {unknown}
 f - a potion of curing {unknown}


   Skills:
 + Level 1.2 Fighting
 - Level 2.1 Dodging
 - Level 1.5 Stealth
 * Level 3.7 Spellcasting


You couldn't memorise any spells.
You knew the following spells:

 Your Spells              Type           Power      Damage    Failure   Level
a - Summon Small Mammal   Summ           60%        N/A       3%          1
b - Call Imp              Summ           15%        N/A       5%          2
c - Call Canine Familiar  Summ           15%        N/A       11%         3
d - Summon Guardian Gole  Hex/Summ       15%        N/A       11%         3
e - Summon Lightning Spi  Summ/Air       15%        N/A       34%         4
f - Animate Skeleton      Necr           30%        N/A       3%          1
Your spell library was empty.

Dungeon Overview and Level Annotations

Branches:
Dungeon (2/15)

Altars:


Innate Abilities, Weirdness & Mutations

You are immune to sickness and miasma.
You are immune to poison.
Your flesh is very heat resistant. (rF++)
You are vulnerable to cold. (rC-)
You float through the air rather than walking.
You learn spells naturally, not from books.
Your magical power is your life essence.
You have superior vitality. (+4 HP)


Message History

The bat hits you. The jackal bites you. x2
You hit the jackal but do no damage.
The jackal is moderately wounded.
The jackal barely misses you. The bat barely misses you.
You hit the jackal.
The jackal is heavily wounded.
The bat barely misses you. x2; The jackal bites you.
You are too injured to fight recklessly!
You are too injured to fight recklessly!
You are too injured to fight recklessly!
You are too injured to fight recklessly!
You are too injured to fight recklessly!
You are too injured to fight recklessly!
You are too injured to fight recklessly!
You are too injured to fight recklessly!
The jackal barely misses you.
The jackal bites you but does no damage.
The bat closely misses you.
There is an open door here.
The bat closely misses you.
Casting: Call Imp (safe; 5% risk of failure)
Confirm with . or Enter, or press ? or * to list all spells.
A beastly little devil appears in a puff of flame.
The bat closely misses you.
Casting: Call Imp (safe; 5% risk of failure)
Confirm with . or Enter, or press ? or * to list all spells.
A beastly little devil appears in a puff of frigid air.
The jackal bites you but does no damage.
The jackal barely misses your crimson imp.
The jackal closely misses your crimson imp.
Your white imp gestures at the jackal.
The puff of frost hits the jackal.
The jackal dies!
The bat barely misses your crimson imp.
Your white imp barely misses the bat.
The bat hits you but does no damage.
Your crimson imp barely misses the bat.
Your white imp gestures at the bat.
The puff of frost misses the bat.
The puff of frost hits you!
You feel a terrible chill!
Ouch! That really hurt!
You die...

.....#.# .#.# ###+##
#....#.# ##.#.#### #.....#
#....#.. .........
#.....##....#.# #........
#.....#....#.# #........
#....#.5..#.######.†......
#...†....#...†...<.......
##..#..b......###........
##.#.5.@..##.# #........
###.........# ####.##.#
#.#...##..# .# #
#.#....#..# # #....#.#....
#.#.#..#.#### +.#.#...
#......##


You could see a bat (ally target), a friendly crimson imp (summoned) and a
friendly white imp (summoned).

Vanquished Creatures
  A bat (D:1)
  An endoplasm (D:1)
  2 jackals (D:1)
  2 kobolds (D:1)
  A ball python (D:2)
  A frilled lizard (D:1)
8 creatures vanquished.

Vanquished Creatures (collateral kills)
  An adder (D:2)
  2 dart slugs
  A bat (D:1)
  An endoplasm (D:1)
  A giant cockroach (D:1)
  A hobgoblin (D:2)
  A jackal (D:2)
  A kobold (D:1)
  A ball python (D:1)
10 creatures vanquished.

Grand Total: 18 creatures vanquished

Notes
Turn   | Place    | Note
-------+----------+-------------------------------------------
     0 | D:1      | freelancePsychic the Djinni Summoner began the quest for
                  | the Orb.
     0 | D:1      | Reached XP level 1. HP: 15/15 MP: 0/0
  1000 | D:1      | Reached XP level 2. HP: 11/22 MP: 0/0
  1583 | D:1      | Reached skill level 1 in Fighting
  2412 | D:2      | Reached XP level 3. HP: 21/27 MP: 0/0
  2412 | D:2      | Learned a level 1 spell: Animate Skeleton
  2543 | D:2      | Killed from afar by a white imp

Illustrated notes

Levels and vault maps discovered:
D:1:      dpeg_arrival_chambers_temple_mockup, layout_loops_ring,
          minmay_quantized
D:2:      layout_basic, minmay_quadrilaterals

Skill      XL: |  1  2 |
---------------+-------+-----
Fighting       | 1 |  1.2
Dodging        | |  2.1
Stealth        | |  1.5
Spellcasting   | |  3.7

Action                   || total
-------------------------++-------
Melee: Unarmed           ||    33
       Dagger            ||    65
 Cast: Summon Small Mamm ||    21
       Call Imp          ||     8
 Stab: Distracted        ||     1
       Sleeping          ||     1
Armor: Robe              ||    33
Dodge: Dodged            ||   106

Table legend: (Time is in decaauts)
 A = Elapsed time spent in this place.
 B = Non-inter-level travel time spent in this place.
 C = Inter-level travel time spent in this place.
 D = Time resting spent in this place.
 E = Time spent auto-exploring this place.
 F = Levels seen in this place.
 G = Mean time per level.
                   A        B        C        D        E       F      G
               +--------+--------+--------+--------+--------+-----+--------+
         Total |   2543 |   2472 |     71 |    159 |   1944 |   2 | 1271.5 |
       Dungeon |   2543 |   2472 |     71 |    159 |   1944 |   2 | 1271.5 |
               +--------+--------+--------+--------+--------+-----+--------+

Top non-repeatable levels by time:
     D:1: 2173 daAuts
     D:2: 370 daAuts
